 Dungeon Crawl Stone Soup version 0.19.4-8-ga85b6b9 (webtiles) character file.

93 Lennu the Cudgeler (level 4, -11/45 HPs)
             Began as an Ogre Gladiator on Feb 10, 2017.
             Mangled by Dickchan's ghost (15 damage)
             ... on level 3 of the Dungeon.
             The game lasted 00:06:48 (2109 turns).

Lennu the Cudgeler (Ogre Gladiator)                 Turns: 2109, Time: 00:06:49

Health: -11/45     AC:  4    Str: 21    XL:     4   Next: 61%
Magic:  4/4        EV: 11    Int:  7    God:
Gold:   166        SH:  0    Dex: 10    Spells: 0 memorised, 3 levels left

rFire  + . .     SeeInvis .     l - +1 whip (vamp)
rCold  x . .     Gourm    .     b - +0 robe
rNeg   . . .     Faith    .     (no shield)
rPois  .         Spirit   .     c - +0 hat
rElec  .         Reflect  .     n - +0 cloak
rCorr  .         Harm     .     (gloves unavailable)
MR     .....                    (boots unavailable)
Stlth  +.........               (no amulet)
                                (no ring)
                                i - ring of fire

@: no status effects
A: unfitting armour, tough skin 1
a: no special abilities


You were on level 3 of the Dungeon.
You were not hungry.

You visited 1 branch of the dungeon, and saw 3 of its levels.

You collected 166 gold pieces.

Inventory:

Hand Weapons
 j - a +2 whip of electrocution
 l - a +1 vampiric whip (weapon)
Missiles
 d - 3 throwing nets (quivered)
Armour
 b - a +0 robe (worn)
 c - a +0 hat (worn)
 n - a +0 cloak (worn)
Jewellery
 i - a ring of fire (left hand)
Scrolls
 a - a scroll of teleportation {unknown}
 e - 2 scrolls of remove curse {unknown}
 k - a scroll of blinking {unknown}
 m - 2 scrolls of identify {unknown}
Potions
 f - a potion of resistance {unknown}
 g - a potion of degeneration {unknown}
 o - 3 potions of curing {unknown}
Comestibles
 h - 2 meat rations
 p - 3 bread rations
 r - 2 chunks of flesh


   Skills:
 * Level 3.4 Fighting
 * Level 5.4 Maces & Flails
 * Level 2.2 Throwing
 * Level 3.4 Dodging
 - Level 0.1 Stealth


You had 3 spell levels left.
You didn't know any spells.

Dungeon Overview and Level Annotations

Branches:
Dungeon (3/15)

Altars:

Annotations:
D:3 Dickchan's ghost, amateur HOFi


Innate Abilities, Weirdness & Mutations

You are too large for most types of armour.
You have tough skin. (AC +1)


Message History

You barely miss Dickchan's ghost.
Dickchan's ghost is heavily damaged.
Dickchan's ghost hits you but does no damage.
You hit Dickchan's ghost but do no damage.
Dickchan's ghost is heavily damaged.
Dickchan's ghost hits you!
* * * LOW HITPOINT WARNING * * *
You whack Dickchan's ghost!
Dickchan's ghost is severely damaged.
Dickchan's ghost hits you but does no damage.
You hit Dickchan's ghost but do no damage.
Dickchan's ghost is severely damaged.
Dickchan's ghost hits you!
* * * LOW HITPOINT WARNING * * *
Unknown command.
There is an open door here.
There is an open door here.
There is a stone staircase leading up here.
Dickchan's ghost hits you!
You die...

#.##.#.#.# #.#.#.#
..#.#.#######
.+####+.#........
........#........
+########'........
..............(##
.########.W....#
#....@....#
#.##......# #
########


You could see Dickchan's ghost.

Vanquished Creatures
  2 adders (D:2)
  An ooze (D:2)
  A worm (D:2)
  5 dart slugs
  3 leopard geckos (D:2)
  5 giant cockroaches
  10 goblins
  5 hobgoblins
  3 bats (D:1)
  12 frilled lizards
  4 kobolds
  7 rats
58 creatures vanquished.

Notes
Turn   | Place    | Note
-------+----------+-------------------------------------------
     0 | D:1      | Lennu the Ogre Gladiator began the quest for the Orb.
     0 | D:1      | Reached XP level 1. HP: 22/22 MP: 1/1
   128 | D:1      | Reached XP level 2. HP: 27/29 MP: 2/2
   766 | D:1      | Reached XP level 3. HP: 36/36 MP: 3/3
  1275 | D:2      | Reached skill level 5 in Maces & Flails
  1275 | D:2      | Reached XP level 4. HP: 42/45 MP: 4/4
  2080 | D:3      | Noticed Dickchan's ghost (amateur HOFi)
  2095 | D:3      | HP: 2/45 [Dickchan's ghost (8)]
  2109 | D:3      | Mangled by Dickchan's ghost

Skill      XL: |  1  2  3 |
---------------+----------+-----
Dodging        | 3 |  3.4
Fighting       | 3 |  3.4
Maces & Flails | 5 |  5.4
Throwing       | |  2.2
Stealth        | |  0.1

Action                   |  1- 3 |  4- 6 || total
-------------------------+-------+-------++-------
Melee: Flail             |    54 |       ||    54
       Whip              |    50 |    89 ||   139
 Stab: Distracted        |     1 |       ||     1
  Eat: Chunk             |     1 |     3 ||     4
       Bread ration      |     1 |       ||     1
Armor: Robe              |    33 |    25 ||    58
Dodge: Dodged            |    60 |    32 ||    92
